Hurricanes vs Predators

Created - January-30-15 at 17:16

Goals
1 2 3 OT1 SO T
Hurricanes 2 0 0 0 1 3
Predators 0 0 2 0 0 2
Shots
1 2 3 OT1 SO T
Hurricanes 8 5 6 0 3 19
Predators 13 11 10 2 3 36

1st period

1. Hurricanes , Valeri Nichushkin 10 (James Wisniewski, Dustin Byfuglien) at 3:37
2. Hurricanes , Scott Gomez 1 (Valeri Nichushkin, Raphael Diaz) at 7:27

Penalties :
Brian Boyle (CAR) for High sticking (Minor) at 9:32, Kevin Czuczman (CAR) for High sticking (Minor) at 12:54, Brandon Prust (NSH) for Interference (Minor) at 15:05

2nd period

No Goal

Penalties :
Brian Boyle (CAR) for Tripping (Minor) at 2:28, Nick Foligno (CAR) for High sticking (Minor) at 6:15, Cody Franson (NSH) for Diving (Minor) at 19:43

3rd period

3. Predators , Steven Stamkos 27 (T.J. Oshie) at 6:33
4. Predators , Roman Josi 7 (Steven Stamkos, Artem Anisimov) at 9:05

Penalties :
Steven Stamkos (NSH) for Hooking (Minor) at 15:07, James Wisniewski (CAR) for Roughing (Minor) at 17:09, Brooks Orpik (CAR) for Slashing (Minor) at 19:42

Overtime #1

No Goal

Penalties :
No Penalty

Shootout

Penalty Shot by James Neal for Hurricanes - Stopped by Anton Khudobin
Penalty Shot by Steven Stamkos for Predators - Stopped by Sergei Bobrovsky
Penalty Shot by Blake Wheeler for Hurricanes - Goal!
Penalty Shot by Max Pacioretty for Predators - Shot Misses the Net
Penalty Shot by Nick Foligno for Hurricanes - Stopped by Anton Khudobin
Penalty Shot by Nicklas Backstrom for Predators - Stopped by Sergei Bobrovsky

Penalties :
No Penalty

Goalie Stats

Sergei Bobrovsky (CAR), 34 saves from 36 shots - (0.944), W, 16-18-5, 65:00 minutes
Anton Khudobin (NSH), 17 saves from 19 shots - (0.895), OTL, 23-9-3, 65:00 minutes

Players Stats for Hurricanes

Player Name              G  A  P  +/- PIM S  H  SB GA TA FO     MP     PP MP  PK MP  
------------------------------------------------------------------------------------
Alex Chiasson            0  0  0   0  0   1  0  0  0  0  0/0     5:39   0:00   0:00 
Ben Lovejoy              0  0  0   0  0   2  4  0  0  0  0/0    25:55   2:59   5:47 
Blake Wheeler            0  0  0  -2  0   2  6  0  0  0  5/12   24:36   2:19   4:54 
Brad Richardson          0  0  0  -2  0   0  0  0  0  0  9/22   15:37   0:00   0:00 
Brandon McMillan         0  0  0   0  0   1  0  0  0  0  0/2     5:39   0:00   0:00 
Brian Boyle              0  0  0   2  4   1  0  0  0  0  11/20  14:10   2:19   3:36 
Brooks Orpik             0  0  0  -2  2   0  4  1  0  0  0/0    21:16   0:00   4:31 
Derek Roy                0  0  0   0  0   1  0  1  0  0  11/26  21:44   3:38   2:16 
Dustin Byfuglien         0  1  1   1  0   2  2  4  0  0  0/0    27:05   2:58   6:16 
James Neal               0  0  0  -2  0   1  1  0  0  0  1/3    20:48   2:19   1:20 
James Wisniewski         0  1  1  -1  2   1  0  1  0  0  0/0    24:48   2:59   5:16 
Kevin Czuczman           0  0  0   1  2   0  3  0  0  0  0/0    18:16   2:58   1:53 
Michael Frolik           0  0  0   0  0   2  0  0  0  0  0/1    22:50   3:38   4:54 
Nick Foligno             0  0  0   0  2   1  4  1  0  0  2/4    23:57   3:38   4:16 
Patrick Maroon           0  0  0   0  0   0  1  0  0  0  1/1     5:39   0:00   0:00 
Raphael Diaz             0  1  1   1  0   1  1  0  0  0  0/0    12:37   0:00   0:05 
Scott Gomez              1  0  1   2  0   2  0  0  0  0  0/0     9:07   0:00   0:50 
Valeri Nichushkin        1  1  2   2  0   1  1  0  0  0  0/0     8:17   0:00   0:00 

Players Stats for Predators

Player Name              G  A  P  +/- PIM S  H  SB GA TA FO     MP     PP MP  PK MP  
------------------------------------------------------------------------------------
Anton Stralman           0  0  0  -2  0   3  0  0  0  0  0/0    16:22   5:17   0:00 
Artem Anisimov           0  1  1   2  0   1  0  0  0  0  1/2    19:19   5:17   1:42 
Brandon Prust            0  0  0  -1  2   1  1  0  0  0  0/0     6:36   0:00   1:09 
Casey Cizikas            0  0  0   0  0   1  3  0  0  0  14/24  16:27   0:08   3:51 
Cody Franson             0  0  0   2  2   1  3  1  0  0  0/0    22:22   0:00   1:53 
Derick Brassard          0  0  0   0  0   4  1  0  0  0  0/0    14:00   0:08   0:00 
Jaden Schwartz           0  0  0  -1  0   5  2  0  0  0  3/3    19:21   4:40   0:16 
Jordie Benn              0  0  0  -2  0   0  1  0  0  0  0/0    14:35   0:08   3:22 
Justin Abdelkader        0  0  0  -1  0   1  1  0  0  0  0/0     5:44   0:08   0:08 
Max Pacioretty           0  0  0  -1  0   3  4  0  0  0  1/1    21:33   4:47   0:00 
Nicklas Backstrom        0  0  0  -1  0   2  3  0  0  0  18/29  20:36   4:47   0:00 
Patrik Berglund          0  0  0  -1  0   0  0  0  0  0  0/3     5:28   0:00   0:00 
Roman Josi               1  0  1   2  0   5  0  0  0  0  0/0    26:07   4:55   0:42 
Steven Stamkos           1  1  2   2  2   3  2  0  0  0  8/17   20:29   5:24   0:00 
T.J. Oshie               0  1  1   2  0   0  5  0  0  0  0/2    21:18   5:17   3:41 
Valtteri Filppula        0  0  0   0  0   4  0  0  0  0  6/10   18:27   5:17   1:07 
Zach Bogosian            0  0  0   0  0   2  3  0  0  0  0/0    24:56   4:47   2:53 
Zbynek Michalek          0  0  0   0  0   0  1  3  0  0  0/0    20:20   0:00   3:04 

3 Stars

1 - Valeri Nichushkin (CAR)
2 - Steven Stamkos (NSH)
3 - T.J. Oshie (NSH)

Power Play

Hurricanes - 0 on 3 Attempt(s) - 0.00%
Predators - 0 on 6 Attempt(s) - 0.00%

Penalty Kill

Hurricanes - 6 on 6 Attempt(s) - 100.00% - Score 0 goal in Penalty Kill
Predators - 3 on 3 Attempt(s) - 100.00% - Score 0 goal in Penalty Kill

Team Stat

Hurricanes - Hits : 27 - Faceoff Wins : 40 - Blocked Shots : 8 - Penalty Minutes : 12
Predators - Hits : 30 - Faceoff Wins : 51 - Blocked Shots : 4 - Penalty Minutes : 6

Official

Referees : Dan O'Halloran and Francis Charron
Linesman : Mark Wheler and Steve Barton

Game Notes

No Game Note

Finance

Level 1 -- Attendance: 4206 (64.71%) -- Ticket Income $504,720
Level 2 -- Attendance: 3438 (68.76%) -- Ticket Income $281,916
Level 3 -- Attendance: 2350 (67.14%) -- Ticket Income $141,000
Level 4 -- Attendance: 1113 (100.00%) -- Ticket Income $46,746
Luxury Box -- Attendance: 954 (95.40%) -- Ticket Income $176,490
Game was played at the Bridgestone Arena'
Total Attendance: 12061 (70.48%)
Total Ticket Income: $1,150,872
Other Income: $172,631
Total Income: $1,323,503

% Time on Ice - Hurricanes

Lines # - Real PCT - Wanted PCT - Time Play
Normal Forward
1 - 36% - 38% - 15:37
2 - 33% - 35% - 14:18
3 - 19% - 17% - 8:17
4 - 13% - 10% - 5:39
Normal Defense
1 - 31% - 35% - 13:48
2 - 34% - 35% - 15:00
3 - 29% - 17% - 12:32
4 - 6% - 13% - 2:31
PP Forward
1 - 39% - 57% - 2:19
2 - 61% - 43% - 3:38
PP Defense
1 - 50% - 50% - 2:59
2 - 50% - 50% - 2:58
PK Forward
1 - 52% - 50% - 5:18
2 - 48% - 50% - 4:54
PK Defense
1 - 54% - 50% - 5:33
2 - 46% - 50% - 4:39
PK3 Forward
1 - 78% - 60% - 1:20
2 - 22% - 40% - 0:22
PK3 Defense
1 - 78% - 60% - 1:20
2 - 22% - 40% - 0:22
44 Forward
1 - 46% - 50% - 1:32
2 - 54% - 50% - 1:46
44 Defense
1 - 54% - 50% - 1:46
2 - 46% - 50% - 1:32
Last Minute Offensive  - 0:00
Last Minute Defensive  - 0:00
Total
Forward - 65:00
Defense - 65:00

% Time on Ice - Predators

Lines # - Real PCT - Wanted PCT - Time Play
Normal Forward
1 - 32% - 34% - 14:00
2 - 28% - 31% - 12:20
3 - 27% - 27% - 12:03
4 - 12% - 8% - 5:28
Normal Defense
1 - 34% - 33% - 14:53
2 - 34% - 32% - 15:02
3 - 25% - 25% - 11:05
4 - 6% - 10% - 2:51
PP Forward
1 - 48% - 64% - 4:55
2 - 52% - 36% - 5:17
PP Defense
1 - 48% - 60% - 4:55
2 - 52% - 40% - 5:17
PK Forward
1 - 71% - 60% - 4:15
2 - 29% - 40% - 1:42
PK Defense
1 - 52% - 60% - 3:04
2 - 48% - 40% - 2:53
PK3 Forward
1 - 0% - 60%
2 - 0% - 40%
PK3 Defense
1 - 0% - 60%
2 - 0% - 40%
44 Forward
1 - 64% - 60% - 3:11
2 - 36% - 40% - 1:49
44 Defense
1 - 55% - 60% - 2:46
2 - 45% - 40% - 2:14
Last Minute Offensive  - 0:00
Last Minute Defensive  - 0:00
Total
Forward - 65:00
Defense - 65:00

Play by Play

1st period


0:01 of 1st period - Nicklas Backstrom wins face-off versus Brad Richardson in neutral zone.
0:04 of 1st period - Blake Wheeler is hit by Jaden Schwartz and loses puck.
0:17 of 1st period - Shot by Roman Josi.
0:17 of 1st period - Stopped by Sergei Bobrovsky without a rebound.
0:18 of 1st period - Steven Stamkos wins face-off versus Derek Roy in Hurricanes zone.
1:18 of 1st period - Off-side.
1:19 of 1st period - Brad Richardson wins face-off versus Casey Cizikas in neutral zone.
1:24 of 1st period - Shot by Ben Lovejoy.
1:24 of 1st period - Shot Misses the Net.
1:52 of 1st period - Shot by Derick Brassard.
1:52 of 1st period - Shot Misses the Net.
1:54 of 1st period - Shot by Valtteri Filppula.
1:54 of 1st period - Stopped by Sergei Bobrovsky without a rebound.
1:55 of 1st period - Nicklas Backstrom wins face-off versus Brian Boyle in Hurricanes zone.
1:55 of 1st period - Nicklas Backstrom is hit by Kevin Czuczman.
1:57 of 1st period - Shot by Jaden Schwartz.
1:57 of 1st period - Shot Misses the Net.
1:59 of 1st period - Shot by Max Pacioretty.
1:59 of 1st period - Shot Misses the Net.
2:01 of 1st period - Shot by Max Pacioretty.
2:01 of 1st period - Stopped by Sergei Bobrovsky without a rebound.
2:02 of 1st period - Jaden Schwartz wins face-off versus Brandon McMillan in Hurricanes zone.
2:39 of 1st period - Shot by Jaden Schwartz.
2:39 of 1st period - Shot Misses the Net.
2:41 of 1st period - Shot by Cody Franson.
2:41 of 1st period - Stopped by Sergei Bobrovsky with a rebound.
3:37 of 1st period - Shot by Valeri Nichushkin.
3:37 of 1st period - Goal by Valeri Nichushkin - Hurricanes : 1 - Predators : 0.
3:38 of 1st period - Casey Cizikas wins face-off versus Brad Richardson in neutral zone.
3:38 of 1st period - Casey Cizikas is hit by Blake Wheeler.
4:42 of 1st period - Icing by James Wisniewski.
4:43 of 1st period - Steven Stamkos wins face-off versus Derek Roy in Hurricanes zone.
5:11 of 1st period - Shot by Nick Foligno.
5:11 of 1st period - Shot Misses the Net.
5:52 of 1st period - Shot by Nicklas Backstrom.
5:52 of 1st period - Stopped by Sergei Bobrovsky without a rebound.
5:53 of 1st period - Brad Richardson wins face-off versus Patrik Berglund in Hurricanes zone.
5:57 of 1st period - Dustin Byfuglien is hit by Zach Bogosian and loses puck.
7:27 of 1st period - Shot by Scott Gomez.
7:27 of 1st period - Goal by Scott Gomez - Hurricanes : 2 - Predators : 0.
7:28 of 1st period - Patrick Maroon wins face-off versus T.J. Oshie in neutral zone.
7:50 of 1st period - Icing by Cody Franson.
7:51 of 1st period - Steven Stamkos wins face-off versus Nick Foligno in Predators zone.
8:13 of 1st period - Nick Foligno is hit by T.J. Oshie and loses puck.
8:27 of 1st period - Icing by Dustin Byfuglien.
8:28 of 1st period - Casey Cizikas wins face-off versus Derek Roy in Hurricanes zone.
8:51 of 1st period - Zach Bogosian is hit by Nick Foligno and loses puck.
9:10 of 1st period - Shot by Derick Brassard.
9:10 of 1st period - Stopped by Sergei Bobrovsky without a rebound.
9:11 of 1st period - Brian Boyle wins face-off versus Nicklas Backstrom in Hurricanes zone.
9:11 of 1st period - Scott Gomez is hit by Jaden Schwartz and loses puck.
9:17 of 1st period - Icing by Raphael Diaz.
9:18 of 1st period - Nicklas Backstrom wins face-off versus Brian Boyle in Hurricanes zone.
9:32 of 1st period - Minor Penalty to Brian Boyle for High sticking.
9:33 of 1st period - Nicklas Backstrom wins face-off versus Blake Wheeler in Hurricanes zone.
9:44 of 1st period - Shot by Steven Stamkos.
9:44 of 1st period - Shot Blocked by Dustin Byfuglien.
9:46 of 1st period - Shot by Roman Josi.
9:46 of 1st period - Stopped by Sergei Bobrovsky without a rebound.
9:47 of 1st period - Derek Roy wins face-off versus Valtteri Filppula in Hurricanes zone.
10:09 of 1st period - Valtteri Filppula is hit by Brooks Orpik and loses puck.
10:19 of 1st period - Valtteri Filppula is hit by Brooks Orpik and loses puck.
10:23 of 1st period - T.J. Oshie is hit by Dustin Byfuglien and loses puck.
11:06 of 1st period - Shot by Steven Stamkos.
11:06 of 1st period - Shot Misses the Net.
11:08 of 1st period - Shot by Zach Bogosian.
11:08 of 1st period - Shot Misses the Net.
11:10 of 1st period - Shot by Roman Josi.
11:10 of 1st period - Shot Misses the Net.
11:12 of 1st period - Shot by Roman Josi.
11:12 of 1st period - Stopped by Sergei Bobrovsky without a rebound.
11:13 of 1st period - Valtteri Filppula wins face-off versus Michael Frolik in Hurricanes zone.
11:13 of 1st period - Valtteri Filppula is hit by Ben Lovejoy.
11:51 of 1st period - Shot by Raphael Diaz.
11:51 of 1st period - Stopped by Anton Khudobin with a rebound.
11:57 of 1st period - Shot by Alex Chiasson.
11:57 of 1st period - Stopped by Anton Khudobin without a rebound.
11:58 of 1st period - Casey Cizikas wins face-off versus Brad Richardson in Predators zone.
11:58 of 1st period - Casey Cizikas is hit by Blake Wheeler.
12:15 of 1st period - Off-side.
12:16 of 1st period - Nicklas Backstrom wins face-off versus Derek Roy in neutral zone.
12:23 of 1st period - Shot by Derek Roy.
12:23 of 1st period - Stopped by Anton Khudobin without a rebound.
12:24 of 1st period - Nicklas Backstrom wins face-off versus Brad Richardson in Predators zone.
12:31 of 1st period - James Wisniewski is hit by Max Pacioretty and loses puck.
12:38 of 1st period - Shot by Blake Wheeler.
12:38 of 1st period - Shot Misses the Net.
12:40 of 1st period - Shot by Blake Wheeler.
12:40 of 1st period - Stopped by Anton Khudobin without a rebound.
12:41 of 1st period - Derek Roy wins face-off versus Steven Stamkos in Predators zone.
12:49 of 1st period - Shot by Steven Stamkos.
12:49 of 1st period - Shot Misses the Net.
12:54 of 1st period - Minor Penalty to Kevin Czuczman for High sticking.
12:55 of 1st period - Nicklas Backstrom wins face-off versus Blake Wheeler in Hurricanes zone.
12:55 of 1st period - Steven Stamkos is hit by Ben Lovejoy and loses puck.
13:12 of 1st period - Shot by Nicklas Backstrom.
13:12 of 1st period - Stopped by Sergei Bobrovsky without a rebound.
13:13 of 1st period - Valtteri Filppula wins face-off versus Brian Boyle in Hurricanes zone.
13:15 of 1st period - Jaden Schwartz is hit by Brooks Orpik and loses puck.
13:49 of 1st period - Icing by Artem Anisimov.
13:50 of 1st period - Brian Boyle wins face-off versus Valtteri Filppula in Predators zone.
13:58 of 1st period - Icing by Anton Stralman.
13:59 of 1st period - Valtteri Filppula wins face-off versus Brian Boyle in Predators zone.
14:05 of 1st period - Icing by Jaden Schwartz.
14:06 of 1st period - Jaden Schwartz wins face-off versus Blake Wheeler in Predators zone.
14:06 of 1st period - Jaden Schwartz is hit by Blake Wheeler.
14:22 of 1st period - Brian Boyle is hit by T.J. Oshie and loses puck.
14:30 of 1st period - Shot by Valtteri Filppula.
14:30 of 1st period - Stopped by Sergei Bobrovsky without a rebound.
14:31 of 1st period - Nicklas Backstrom wins face-off versus Blake Wheeler in Hurricanes zone.
14:34 of 1st period - Shot by Max Pacioretty.
14:34 of 1st period - Shot Misses the Net.
14:36 of 1st period - Shot by Zach Bogosian.
14:36 of 1st period - Stopped by Sergei Bobrovsky without a rebound.
14:37 of 1st period - Nicklas Backstrom wins face-off versus Blake Wheeler in Hurricanes zone.
15:05 of 1st period - Minor Penalty to Brandon Prust for Interference.
15:06 of 1st period - Casey Cizikas wins face-off versus Derek Roy in Predators zone.
15:12 of 1st period - Icing by Ben Lovejoy.
15:13 of 1st period - Derek Roy wins face-off versus Casey Cizikas in Hurricanes zone.
15:13 of 1st period - Derek Roy is hit by Casey Cizikas.
15:33 of 1st period - Shot by T.J. Oshie.
15:33 of 1st period - Shot Misses the Net.
15:45 of 1st period - Shot by James Wisniewski.
15:45 of 1st period - Shot Blocked by Cody Franson.
16:51 of 1st period - Shot by Dustin Byfuglien.
16:51 of 1st period - Deflect By Blake Wheeler.
16:51 of 1st period - Stopped by Anton Khudobin without a rebound.
16:52 of 1st period - Derek Roy wins face-off versus Artem Anisimov in Predators zone.
16:52 of 1st period - Derek Roy is hit by Jordie Benn.
16:56 of 1st period - Shot by Nick Foligno.
16:56 of 1st period - Deflect By Michael Frolik.
16:56 of 1st period - Stopped by Anton Khudobin without a rebound.
16:57 of 1st period - Valtteri Filppula wins face-off versus Brian Boyle in Predators zone.
16:57 of 1st period - Jordie Benn is hit by Blake Wheeler and loses puck.
17:14 of 1st period - Jordie Benn is hit by Patrick Maroon and loses puck.
17:28 of 1st period - Icing by Jordie Benn.
17:29 of 1st period - Nicklas Backstrom wins face-off versus Derek Roy in Predators zone.
17:29 of 1st period - Nicklas Backstrom is hit by Nick Foligno.
17:47 of 1st period - Shot by Jaden Schwartz.
17:47 of 1st period - Shot Misses the Net.
18:09 of 1st period - Shot by Roman Josi.
18:09 of 1st period - Shot Blocked by Dustin Byfuglien.
18:42 of 1st period - Icing by Roman Josi.
18:43 of 1st period - Brian Boyle wins face-off versus Steven Stamkos in Predators zone.
18:44 of 1st period - Shot by Scott Gomez.
18:44 of 1st period - Shot Misses the Net.
19:07 of 1st period - Valeri Nichushkin is hit by T.J. Oshie and loses puck.
19:22 of 1st period - Shot by Derick Brassard.
19:22 of 1st period - Stopped by Sergei Bobrovsky without a rebound.
19:23 of 1st period - Brad Richardson wins face-off versus Nicklas Backstrom in Hurricanes zone.
19:25 of 1st period - Icing by James Neal.
19:26 of 1st period - Brad Richardson wins face-off versus Casey Cizikas in Hurricanes zone.
19:47 of 1st period - Shot by Casey Cizikas.
19:47 of 1st period - Stopped by Sergei Bobrovsky without a rebound.
19:48 of 1st period - Jaden Schwartz wins face-off versus Derek Roy in Hurricanes zone.
19:58 of 1st period - Jaden Schwartz is hit by Nick Foligno.
Goals for this period are 2 for Hurricanes vs 0 for Predators.
Shots for this period are 8 for Hurricanes vs 13 for Predators.

2nd period


0:01 of 2nd period - Nicklas Backstrom wins face-off versus Brad Richardson in neutral zone.
0:03 of 2nd period - Cody Franson is hit by Brooks Orpik and loses puck.
0:06 of 2nd period - Shot by Max Pacioretty.
0:06 of 2nd period - Stopped by Sergei Bobrovsky without a rebound.
0:07 of 2nd period - Casey Cizikas wins face-off versus Brad Richardson in Hurricanes zone.
0:17 of 2nd period - Icing by Brooks Orpik.
0:18 of 2nd period - Brad Richardson wins face-off versus Nicklas Backstrom in Hurricanes zone.
0:18 of 2nd period - Brad Richardson is hit by Nicklas Backstrom.
0:28 of 2nd period - Shot by Jaden Schwartz.
0:28 of 2nd period - Shot Misses the Net.
0:30 of 2nd period - Shot by Jaden Schwartz.
0:30 of 2nd period - Stopped by Sergei Bobrovsky without a rebound.
0:31 of 2nd period - Derek Roy wins face-off versus Casey Cizikas in Hurricanes zone.
0:31 of 2nd period - Nick Foligno is hit by Derick Brassard and loses puck.
2:07 of 2nd period - Shot by Max Pacioretty.
2:07 of 2nd period - Stopped by Sergei Bobrovsky with a rebound.
2:09 of 2nd period - Shot by Jaden Schwartz.
2:09 of 2nd period - Stopped by Sergei Bobrovsky without a rebound.
2:10 of 2nd period - Steven Stamkos wins face-off versus Brian Boyle in Hurricanes zone.
2:10 of 2nd period - Steven Stamkos is hit by Raphael Diaz.
2:28 of 2nd period - Minor Penalty to Brian Boyle for Tripping.
2:29 of 2nd period - Derek Roy wins face-off versus Nicklas Backstrom in Hurricanes zone.
2:45 of 2nd period - Icing by Artem Anisimov.
2:46 of 2nd period - Blake Wheeler wins face-off versus Nicklas Backstrom in Predators zone.
3:01 of 2nd period - Shot by Artem Anisimov.
3:01 of 2nd period - Shot Misses the Net.
3:03 of 2nd period - Shot by Anton Stralman.
3:03 of 2nd period - Stopped by Sergei Bobrovsky with a rebound.
3:05 of 2nd period - Shot by Anton Stralman.
3:05 of 2nd period - Stopped by Sergei Bobrovsky without a rebound.
3:06 of 2nd period - Valtteri Filppula wins face-off versus Derek Roy in Hurricanes zone.
4:14 of 2nd period - Shot by Anton Stralman.
4:14 of 2nd period - Stopped by Sergei Bobrovsky without a rebound.
4:15 of 2nd period - Nicklas Backstrom wins face-off versus Blake Wheeler in Hurricanes zone.
4:16 of 2nd period - Shot by Anton Stralman.
4:16 of 2nd period - Deflect By Steven Stamkos.
4:16 of 2nd period - Shot Misses the Net.
4:31 of 2nd period - Shot by Brandon Prust.
4:31 of 2nd period - Stopped by Sergei Bobrovsky without a rebound.
4:32 of 2nd period - Brian Boyle wins face-off versus Patrik Berglund in Hurricanes zone.
4:53 of 2nd period - Shot by Justin Abdelkader.
4:53 of 2nd period - Stopped by Sergei Bobrovsky without a rebound.
4:54 of 2nd period - Nicklas Backstrom wins face-off versus James Neal in Hurricanes zone.
5:30 of 2nd period - Shot by Brooks Orpik.
5:30 of 2nd period - Shot Blocked by Zbynek Michalek.
5:51 of 2nd period - Derek Roy is hit by Zach Bogosian and loses puck.
6:15 of 2nd period - Minor Penalty to Nick Foligno for High sticking.
6:16 of 2nd period - Brian Boyle wins face-off versus Valtteri Filppula in Hurricanes zone.
8:00 of 2nd period - Shot by Nicklas Backstrom.
8:00 of 2nd period - Shot Misses the Net.
8:02 of 2nd period - Shot by Roman Josi.
8:02 of 2nd period - Shot Misses the Net.
8:13 of 2nd period - Icing by Justin Abdelkader.
8:14 of 2nd period - Casey Cizikas wins face-off versus Derek Roy in Predators zone.
8:23 of 2nd period - Shot by Patrik Berglund.
8:23 of 2nd period - Shot Hit the Post.
10:10 of 2nd period - Shot by James Neal.
10:10 of 2nd period - Stopped by Anton Khudobin with a rebound.
10:12 of 2nd period - Shot by Blake Wheeler.
10:12 of 2nd period - Shot Blocked by Zbynek Michalek.
10:14 of 2nd period - Shot by James Neal.
10:14 of 2nd period - Deflect By Blake Wheeler.
10:14 of 2nd period - Shot Misses the Net.
10:16 of 2nd period - Shot by Blake Wheeler.
10:16 of 2nd period - Shot Misses the Net.
10:18 of 2nd period - Shot by Brad Richardson.
10:18 of 2nd period - Shot Misses the Net.
10:46 of 2nd period - Valtteri Filppula is hit by Kevin Czuczman and loses puck.
11:07 of 2nd period - Nick Foligno is hit by Steven Stamkos and loses puck.
12:29 of 2nd period - Icing by Roman Josi.
12:30 of 2nd period - Max Pacioretty wins face-off versus Brad Richardson in Predators zone.
12:35 of 2nd period - Ben Lovejoy is hit by Nicklas Backstrom and loses puck.
14:29 of 2nd period - Icing by Raphael Diaz.
14:30 of 2nd period - Derek Roy wins face-off versus Steven Stamkos in Hurricanes zone.
14:30 of 2nd period - Derek Roy is hit by T.J. Oshie.
14:41 of 2nd period - Icing by T.J. Oshie.
14:42 of 2nd period - Brian Boyle wins face-off versus Steven Stamkos in Predators zone.
14:42 of 2nd period - Brian Boyle is hit by Zach Bogosian.
15:08 of 2nd period - Shot by Ben Lovejoy.
15:08 of 2nd period - Shot Misses the Net.
15:10 of 2nd period - Shot by Dustin Byfuglien.
15:10 of 2nd period - Stopped by Anton Khudobin with a rebound.
15:12 of 2nd period - Shot by Scott Gomez.
15:12 of 2nd period - Stopped by Anton Khudobin without a rebound.
15:13 of 2nd period - Casey Cizikas wins face-off versus Brad Richardson in Predators zone.
15:19 of 2nd period - Anton Stralman is hit by Blake Wheeler and loses puck.
15:55 of 2nd period - Shot by James Wisniewski.
15:55 of 2nd period - Stopped by Anton Khudobin with a rebound.
15:57 of 2nd period - Shot by Brad Richardson.
15:57 of 2nd period - Shot Misses the Net.
16:16 of 2nd period - Off-side.
16:17 of 2nd period - Nicklas Backstrom wins face-off versus Derek Roy in neutral zone.
16:20 of 2nd period - Kevin Czuczman is hit by Max Pacioretty and loses puck.
16:33 of 2nd period - Shot by Max Pacioretty.
16:33 of 2nd period - Deflect By Nicklas Backstrom.
16:33 of 2nd period - Shot Misses the Net.
16:53 of 2nd period - Shot by Nick Foligno.
16:53 of 2nd period - Stopped by Anton Khudobin without a rebound.
16:54 of 2nd period - Brian Boyle wins face-off versus T.J. Oshie in Predators zone.
16:59 of 2nd period - Shot by Valeri Nichushkin.
16:59 of 2nd period - Shot Blocked by Zbynek Michalek.
17:25 of 2nd period - Shot by Steven Stamkos.
17:25 of 2nd period - Shot Misses the Net.
17:27 of 2nd period - Shot by Zach Bogosian.
17:27 of 2nd period - Stopped by Sergei Bobrovsky without a rebound.
17:28 of 2nd period - Brad Richardson wins face-off versus Nicklas Backstrom in Hurricanes zone.
17:46 of 2nd period - Shot by Jaden Schwartz.
17:46 of 2nd period - Stopped by Sergei Bobrovsky without a rebound.
17:47 of 2nd period - Derek Roy wins face-off versus Casey Cizikas in Hurricanes zone.
17:47 of 2nd period - Derek Roy is hit by Casey Cizikas.
18:06 of 2nd period - Valtteri Filppula is hit by Kevin Czuczman and loses puck.
18:45 of 2nd period - Roman Josi is hit by Blake Wheeler and loses puck.
19:11 of 2nd period - Blake Wheeler is hit by Cody Franson and loses puck.
19:19 of 2nd period - James Neal is hit by Cody Franson and loses puck.
19:37 of 2nd period - Icing by Cody Franson.
19:38 of 2nd period - Casey Cizikas wins face-off versus Brian Boyle in Predators zone.
19:38 of 2nd period - Casey Cizikas is hit by Valeri Nichushkin.
19:43 of 2nd period - Minor Penalty to Cody Franson for Diving.
19:44 of 2nd period - Artem Anisimov wins face-off versus Derek Roy in Predators zone.
Goals for this period are 0 for Hurricanes vs 0 for Predators.
Shots for this period are 5 for Hurricanes vs 11 for Predators.

3rd period


0:01 of 3rd period - Casey Cizikas wins face-off versus Brian Boyle in neutral zone.
0:01 of 3rd period - T.J. Oshie is hit by James Neal and loses puck.
0:59 of 3rd period - James Wisniewski is hit by Brandon Prust and loses puck.
1:37 of 3rd period - Icing by James Wisniewski.
1:38 of 3rd period - Derek Roy wins face-off versus Casey Cizikas in Hurricanes zone.
1:57 of 3rd period - Shot by Kevin Czuczman.
1:57 of 3rd period - Shot Misses the Net.
1:59 of 3rd period - Shot by Brandon McMillan.
1:59 of 3rd period - Stopped by Anton Khudobin without a rebound.
2:00 of 3rd period - Blake Wheeler wins face-off versus Patrik Berglund in Predators zone.
2:26 of 3rd period - James Neal is hit by Justin Abdelkader.
3:00 of 3rd period - Shot by T.J. Oshie.
3:00 of 3rd period - Shot Blocked by Brooks Orpik.
3:12 of 3rd period - Off-side.
3:13 of 3rd period - Nicklas Backstrom wins face-off versus Derek Roy in neutral zone.
3:44 of 3rd period - Shot by Jaden Schwartz.
3:44 of 3rd period - Stopped by Sergei Bobrovsky without a rebound.
3:45 of 3rd period - Brian Boyle wins face-off versus Steven Stamkos in Hurricanes zone.
3:45 of 3rd period - Kevin Czuczman is hit by T.J. Oshie and loses puck.
4:18 of 3rd period - Kevin Czuczman is hit by Steven Stamkos and loses puck.
5:16 of 3rd period - Shot by Nicklas Backstrom.
5:16 of 3rd period - Shot Blocked by Dustin Byfuglien.
5:21 of 3rd period - Ben Lovejoy is hit by Max Pacioretty and loses puck.
5:38 of 3rd period - Shot by Valtteri Filppula.
5:38 of 3rd period - Stopped by Sergei Bobrovsky without a rebound.
5:39 of 3rd period - Blake Wheeler wins face-off versus Valtteri Filppula in Hurricanes zone.
6:33 of 3rd period - Shot by Steven Stamkos.
6:33 of 3rd period - Goal by Steven Stamkos - Hurricanes : 2 - Predators : 1.
6:34 of 3rd period - Brian Boyle wins face-off versus Steven Stamkos in neutral zone.
6:43 of 3rd period - Shot by Brian Boyle.
6:43 of 3rd period - Stopped by Anton Khudobin with a rebound.
6:48 of 3rd period - Off-side.
6:49 of 3rd period - Derek Roy wins face-off versus Nicklas Backstrom in neutral zone.
7:44 of 3rd period - T.J. Oshie is hit by Nick Foligno.
7:56 of 3rd period - Icing by Ben Lovejoy.
7:57 of 3rd period - Casey Cizikas wins face-off versus Derek Roy in Hurricanes zone.
8:49 of 3rd period - Icing by James Wisniewski.
8:50 of 3rd period - Brad Richardson wins face-off versus Steven Stamkos in Hurricanes zone.
9:03 of 3rd period - Shot by Steven Stamkos.
9:03 of 3rd period - Stopped by Sergei Bobrovsky with a rebound.
9:05 of 3rd period - Shot by Roman Josi.
9:05 of 3rd period - Goal by Roman Josi - Hurricanes : 2 - Predators : 2.
9:06 of 3rd period - Nicklas Backstrom wins face-off versus Brian Boyle in neutral zone.
10:38 of 3rd period - Shot by Steven Stamkos.
10:38 of 3rd period - Stopped by Sergei Bobrovsky without a rebound.
10:39 of 3rd period - Brad Richardson wins face-off versus Casey Cizikas in Hurricanes zone.
10:45 of 3rd period - Off-side.
10:46 of 3rd period - Casey Cizikas wins face-off versus Brad Richardson in neutral zone.
10:49 of 3rd period - Shot by Derick Brassard.
10:49 of 3rd period - Stopped by Sergei Bobrovsky without a rebound.
10:50 of 3rd period - Brad Richardson wins face-off versus Nicklas Backstrom in Hurricanes zone.
11:28 of 3rd period - Jaden Schwartz is hit by Ben Lovejoy and loses puck.
12:37 of 3rd period - Icing by Steven Stamkos.
12:38 of 3rd period - Steven Stamkos wins face-off versus Brandon McMillan in Predators zone.
12:59 of 3rd period - Shot by Brandon McMillan.
12:59 of 3rd period - Shot Misses the Net.
13:01 of 3rd period - Shot by Ben Lovejoy.
13:01 of 3rd period - Stopped by Anton Khudobin without a rebound.
13:02 of 3rd period - Casey Cizikas wins face-off versus Brad Richardson in Predators zone.
13:19 of 3rd period - Shot by Derick Brassard.
13:19 of 3rd period - Stopped by Sergei Bobrovsky without a rebound.
13:20 of 3rd period - Nicklas Backstrom wins face-off versus Derek Roy in Hurricanes zone.
13:27 of 3rd period - Shot by Jaden Schwartz.
13:27 of 3rd period - Shot Blocked by Nick Foligno.
14:06 of 3rd period - Off-side.
14:07 of 3rd period - Casey Cizikas wins face-off versus Brad Richardson in neutral zone.
14:16 of 3rd period - Shot by Valtteri Filppula.
14:16 of 3rd period - Stopped by Sergei Bobrovsky without a rebound.
14:17 of 3rd period - Steven Stamkos wins face-off versus Brad Richardson in Hurricanes zone.
14:17 of 3rd period - Roman Josi is hit by Ben Lovejoy and loses puck.
14:21 of 3rd period - Icing by Ben Lovejoy.
14:22 of 3rd period - Steven Stamkos wins face-off versus Brad Richardson in Hurricanes zone.
14:26 of 3rd period - Steven Stamkos is hit by Dustin Byfuglien and loses puck.
15:07 of 3rd period - Minor Penalty to Steven Stamkos for Hooking.
15:08 of 3rd period - Casey Cizikas wins face-off versus Derek Roy in Predators zone.
15:32 of 3rd period - Shot by Dustin Byfuglien.
15:32 of 3rd period - Stopped by Anton Khudobin with a rebound.
15:34 of 3rd period - Shot by Michael Frolik.
15:34 of 3rd period - Stopped by Anton Khudobin without a rebound.
15:35 of 3rd period - Brian Boyle wins face-off versus Casey Cizikas in Predators zone.
15:42 of 3rd period - Shot by James Wisniewski.
15:42 of 3rd period - Shot Misses the Net.
15:54 of 3rd period - Shot by Ben Lovejoy.
15:54 of 3rd period - Stopped by Anton Khudobin without a rebound.
15:55 of 3rd period - Derek Roy wins face-off versus Casey Cizikas in Predators zone.
17:09 of 3rd period - Minor Penalty to James Wisniewski for Roughing.
17:10 of 3rd period - Blake Wheeler wins face-off versus Nicklas Backstrom in Hurricanes zone.
17:10 of 3rd period - Blake Wheeler is hit by Nicklas Backstrom.
18:14 of 3rd period - Icing by Artem Anisimov.
18:15 of 3rd period - Valtteri Filppula wins face-off versus Blake Wheeler in Predators zone.
18:42 of 3rd period - Shot by Jaden Schwartz.
18:42 of 3rd period - Shot Misses the Net.
18:44 of 3rd period - Shot by Jaden Schwartz.
18:44 of 3rd period - Shot Blocked by Dustin Byfuglien.
18:46 of 3rd period - Shot by Artem Anisimov.
18:46 of 3rd period - Stopped by Sergei Bobrovsky without a rebound.
18:47 of 3rd period - Blake Wheeler wins face-off versus Nicklas Backstrom in Hurricanes zone.
18:47 of 3rd period - Blake Wheeler is hit by Max Pacioretty.
19:37 of 3rd period - Shot by Justin Abdelkader.
19:37 of 3rd period - Deflect By Patrik Berglund.
19:37 of 3rd period - Shot Misses the Net.
19:42 of 3rd period - Minor Penalty to Brooks Orpik for Slashing.
19:43 of 3rd period - Brian Boyle wins face-off versus Nicklas Backstrom in Hurricanes zone.
Goals for this period are 0 for Hurricanes vs 2 for Predators.
Shots for this period are 6 for Hurricanes vs 10 for Predators.

Overtime #1


0:01 of 1st overtime period - Steven Stamkos wins face-off versus James Neal in neutral zone.
0:45 of 1st overtime period - Shot by Steven Stamkos.
0:45 of 1st overtime period - Shot Blocked by James Wisniewski.
0:47 of 1st overtime period - Shot by Roman Josi.
0:47 of 1st overtime period - Stopped by Sergei Bobrovsky without a rebound.
0:48 of 1st overtime period - James Neal wins face-off versus Steven Stamkos in Hurricanes zone.
1:58 of 1st overtime period - Nick Foligno is hit by Cody Franson and loses puck.
2:40 of 1st overtime period - James Neal is hit by Zbynek Michalek and loses puck.
3:16 of 1st overtime period - Off-side.
3:17 of 1st overtime period - Nick Foligno wins face-off versus Casey Cizikas in neutral zone.
3:17 of 1st overtime period - Nick Foligno is hit by Casey Cizikas.
3:28 of 1st overtime period - Shot by Jaden Schwartz.
3:28 of 1st overtime period - Stopped by Sergei Bobrovsky without a rebound.
3:29 of 1st overtime period - Nick Foligno wins face-off versus Steven Stamkos in Hurricanes zone.
3:44 of 1st overtime period - Icing by Nick Foligno.
3:45 of 1st overtime period - Nicklas Backstrom wins face-off versus Nick Foligno in Hurricanes zone.
4:33 of 1st overtime period - Shot by Steven Stamkos.
4:33 of 1st overtime period - Shot Blocked by Derek Roy.
Goals for this period are 0 for Hurricanes vs 0 for Predators.
Shots for this period are 0 for Hurricanes vs 2 for Predators.

ShootOut


5:00 of 1st overtime period - Penalty Shot by James Neal for Hurricanes.
5:00 of 1st overtime period - Stopped by Anton Khudobin.
5:00 of 1st overtime period - Penalty Shot by Steven Stamkos for Predators.
5:00 of 1st overtime period - Stopped by Sergei Bobrovsky.
5:00 of 1st overtime period - Penalty Shot by Blake Wheeler for Hurricanes.
5:00 of 1st overtime period - Goal by Blake Wheeler.
5:00 of 1st overtime period - Penalty Shot by Max Pacioretty for Predators.
5:00 of 1st overtime period - Shot Misses the Net.
5:00 of 1st overtime period - Penalty Shot by Nick Foligno for Hurricanes.
5:00 of 1st overtime period - Stopped by Anton Khudobin.
5:00 of 1st overtime period - Penalty Shot by Nicklas Backstrom for Predators.
5:00 of 1st overtime period - Stopped by Sergei Bobrovsky.


Output by the SimonT Hockey Simulator (STHS) for Stephane Roy -- Original Page W3C XHTML 1.0 Valid
Hockey Simulator - Hockey Simulation - Hockey Manager